 Dungeon Crawl Stone Soup version 0.24.0-13-gcf9b319 (webtiles) character file.

Game seed: 11682054620159041986, levelgen mode: deterministic

37 Balder the Skirmisher (level 3, -2/34 HPs)
             Began as a Naga Berserker on Apr 19, 2020.
             Was a Follower of Trog.
             Killed by divine providence
             ... invoked by an orc priest
              (15 damage)
             ... on level 2 of the Dungeon.
             The game lasted 00:06:21 (1446 turns).

Balder the Skirmisher (Naga Berserker)              Turns: 1446, Time: 00:06:22

Health: -2/34      AC:  5    Str: 22    XL:     3   Next: 39%
Magic:  3/3        EV:  9    Int:  7    God:    Trog [*.....]
Gold:   86         SH:  3    Dex: 11    Spells: 2/2 levels left

rFire    . . .     SeeInvis +   a - +0 spear
rCold    . . .     Gourm    .   p - +0 buckler
rNeg     . . .     Faith    .   j - +0 robe
rPois    +         Spirit   .   (no helmet)
rElec    .         Reflect  .   (no cloak)
rCorr    .         Harm     .   f - +2 pair of gloves {Str+3}
MR       .....                  (no barding)
Stlth    ++........             k - amulet of the acrobat
HPRegen  0.11/turn              (no ring)
MPRegen  0.08/turn              (no ring)

@: very slow
A: large, see invisible, deformed body, poison resistance, slowness 2, slow
metabolism 1, spit poison 1, AC +1
a: Spit Poison, Berserk, Renounce Religion


You were on level 2 of the Dungeon.
You worshipped Trog.
Trog was aware of your devotion.
You were not hungry.

You visited 1 branch of the dungeon, and saw 2 of its levels.

You collected 86 gold pieces.

Inventory:

Hand Weapons
 a - a +0 spear (weapon)
Missiles
 d - 4 boomerangs
 h - 6 atropa-tipped darts (quivered)
Armour
 b - a +0 animal skin
 f - a +2 pair of gloves of strength (worn)
 j - a +0 robe (worn)
 p - a +0 buckler (worn)
Jewellery
 k - an amulet of the acrobat (around neck)
Scrolls
 e - 5 scrolls of remove curse
 g - a scroll of identify {unknown}
 i - a scroll of teleportation {unknown}
 o - a scroll of amnesia {unknown}
Potions
 l - a potion of berserk rage {unknown}
 m - 2 potions of cancellation {unknown}
 n - a potion of haste {unknown}
Comestibles
 c - 2 rations
 q - a chunk of flesh


   Skills:
 * Level 3.6 Fighting
 * Level 3.6 Polearms
 + Level 1.6 Armour
 + Level 1.6 Dodging
 * Level 1.3 Stealth


You had 2 spell levels left.
You didn't know any spells.
Your spell library was empty.

Dungeon Overview and Level Annotations

Branches:
Dungeon (2/15)

Altars:


Innate Abilities, Weirdness & Mutations

You cannot wear boots.
Your serpentine skin is tough. (AC +1)
You have supernaturally acute eyesight. (SInv)
Armour fits poorly on your strangely shaped body.
Your system is resistant to poisons. (rPois)
You cover ground very slowly.
You have a slow metabolism.
You can spit poison.


Message History

You barely miss the orc.
The orc is heavily wounded.
The orc misses you.
You closely miss the orc priest. The orc priest closely misses you.
The orc hits you with a +0 whip.
You barely miss the orc priest. The orc hits you but does no damage.
You hit the orc.
The orc is moderately wounded.
The orc hits you with a +0 whip.
The orc wizard casts a spell.
The orc wizard seems to speed up.
You hit the orc but do no damage.
The orc is heavily wounded.
The orc hits you with a +0 whip. The orc hits you with a +0 flail.
You hit the orc.
You kill the orc!
Trog accepts your kill.
The orc priest invokes the aid of Beogh against you.
Beogh smites you!
You die...

#...รท# #..# #####.##
#....#######.# #.##
#......##....# ###...
#....#.......#######.....
#....####............#...
#....# ##..............#.
#....# #....########..###
###### #....# ##....
#@)..# #.### #o#.## #.#
#o#.# ..# #o#.# ### #.#..
..# # ... ...


You could see an orc priest, an orc wizard and an orc.

Vanquished Creatures
  An ooze (D:2)
  A leopard gecko (D:1)
  An orc (D:2)
  A giant cockroach (D:1)
  3 hobgoblins
  4 jackals (D:1)
  4 kobolds
  6 bats
  5 frilled lizards (D:1)
  4 rats (D:1)
30 creatures vanquished.

Notes
Turn   | Place    | Note
-------+----------+-------------------------------------------
     0 | D:1      | Balder the Naga Berserker began the quest for the Orb.
     0 | D:1      | Reached XP level 1. HP: 21/21 MP: 1/1
   130 | D:1      | Reached XP level 2. HP: 14/28 MP: 2/2
   390 | D:1      | Reached skill level 1 in Stealth
  1051 | D:1      | Reached XP level 3. HP: 34/34 MP: 3/3
  1446 | D:2      | Killed from afar by an orc priest

Levels and vault maps discovered:
D:1:      minmay_arrival_widening_spiral_narrow, layout_rooms
D:2:      layout_rooms, lemuel_coloured_pillars_altar

Skill      XL: |  1  2 |
---------------+-------+-----
Stealth        | 1 |  1.3
Fighting       | |  3.6
Polearms       | |  3.6
Armour         | |  1.6
Dodging        | |  1.6

Action                   || total
-------------------------++-------
Melee: Spear             ||   116
  Use: Scroll            ||     1
 Stab: Sleeping          ||     2
  Eat: Chunk             ||     1
Armor: Animal skin       ||     9
       Robe              ||    22
Dodge: Dodged            ||    89
Block: Buckler           ||     3
